 Dungeon Crawl Stone Soup version 0.30-a0-605-gb2882149bf (webtiles) character file.

Game seed: 10498579496234921443

211 greasedhog the Stinger (level 5, -4/28 HPs)
             Began as a Gargoyle Venom Mage on Jan 8, 2023.
             Slain by a gnoll
             ... wielding a +0 flail
              (6 damage)
             ... on level 4 of the Dungeon.
             The game lasted 00:06:44 (3250 turns).

greasedhog the Stinger (Gargoyle Venom Mage)        Turns: 3250, Time: 00:06:44

Health: -4/28      AC:  8    Str: 11    XL:     5   Next: 88%
Magic:  1/10       EV: 11    Int: 18    God:
Gold:   170        SH:  3    Dex: 10    Spells: 5/11 levels left

rFire   . . .      SeeInvis .    q - +1 dagger (venom)
rCold   . . .      Faith    .    p - +0 buckler
rNeg    + . .      Spirit   .    a - +0 robe
rPois   ∞          Reflect  .    (no helmet)
rElec   +          Harm     .    n - +0 cloak
rCorr   .          Rampage  .    r - +0 pair of gloves
Will    .....                    (no boots)
Stlth   ++                       (no amulet)
HPRegen 0.24/turn                (no ring)
MPRegen 0.12/turn                (no ring)

@: no status effects
A: sickness immunity, AC +4, negative energy resistance 1, electricity
resistance, torment resistance 1, petrification resistance
a: no special abilities


You were on level 4 of the Dungeon.
You visited 1 branch of the dungeon, and saw 4 of its levels.

You collected 170 gold pieces.

Inventory:

Hand Weapons
 q - a +1 dagger of venom (weapon)
Missiles
 t - a throwing net
Armour
 a - a +0 robe (worn)
 n - a +0 cloak (worn)
 p - a +0 buckler (worn)
 r - a +0 pair of gloves (worn)
Scrolls
 c - 2 scrolls of amnesia
 f - a scroll of teleportation
 i - a scroll of blinking
 l - 3 scrolls of fog
 m - a scroll of magic mapping {unknown}
 o - 3 scrolls of poison {unknown}
 u - a scroll of vulnerability {unknown}
 v - a scroll of immolation {unknown}
Potions
 b - a potion of magic
 d - a potion of haste
 e - a potion of attraction
 g - a potion of berserk rage
 h - a potion of might {unknown}
 j - a potion of curing {unknown}
 k - a potion of degeneration {unknown}
 s - a potion of brilliance {unknown}


   Skills:
 - Level 1.5 Dodging
 - Level 2.1 Stealth
 * Level 3.9 Spellcasting
 + Level 1.0 Conjurations
 - Level 1.0 Transmutations
 * Level 4.8 Poison Magic


You had 5 spell levels left.
You knew the following spells:

 Your Spells              Type           Power      Damage    Failure   Level
a - Sting                 Tmut/Pois      56%        1d5       6%          1
b - Poisonous Vapours     Pois/Air       24%        N/A       12%         2
c - Mephitic Cloud        Conj/Pois/Air  10%        N/A       26%         3

Your spell library contained the following spells:

 Spells                   Type           Power      Damage    Failure   Level
 Summon Small Mammal      Summ           12%        N/A       21%         1
 Olgreb's Toxic Radiance  Pois           20%        N/A       28%         4
 Call Canine Familiar     Summ           3%         N/A       52%         3
 Summon Guardian Golem    Hex/Summ       3%         N/A       52%         3


Dungeon Overview and Level Annotations

Branches:
Dungeon (4/15)
 Temple: D:4-7

Altars:
Ru
Wu Jian

Shops:
D:1 [=!(   D:3 (


Innate Abilities, Weirdness & Mutations

You are immune to sickness and miasma.
Your stone body is resilient. (AC +4)
You are immune to poison.
You resist negative energy. (rN+)
You are resistant to electric shocks. (rElec)
You are resistant to unholy torment.
You are immune to petrification.


Message History

Unknown command.
The sting misses the gnoll.
The gnoll hits you from afar with a +1 halberd of venom!
You miscast Sting.
Nothing appears to happen.
The gnoll looks more healthy.
You block the gnoll's attack.
The sting hits the gnoll.
The gnoll is poisoned.
The gnoll is almost dead.
The gnoll hits you from afar with a +1 halberd of venom.
The sting hits the gnoll.
The gnoll looks even sicker.
The gnoll is almost dead.
The gnoll hits you but does no damage.
You kill the gnoll!
Your Conjurations skill increases to level 1!
The sting hits the gnoll.
The gnoll is poisoned.
The gnoll is lightly wounded.
The sting misses the gnoll.
The gnoll hits you from afar with a +0 spear.
The gnoll hits you with a +0 spear.
You hit the gnoll.
The gnoll is moderately wounded.
The gnoll hits you but does no damage.
You hit the gnoll but do no damage.
The gnoll looks even sicker.
The gnoll is heavily wounded.
The gnoll hits you but does no damage.
You hit the gnoll.
The gnoll looks as sick as possible!
The gnoll is severely wounded.
You kill the gnoll!
You hit the gnoll.
The gnoll is lightly wounded.
The gnoll barely misses you.
You closely miss the gnoll.
The gnoll is lightly wounded.
The gnoll hits you with a +0 flail!
You barely miss the gnoll.
The gnoll is lightly wounded.
The gnoll hits you with a +0 flail!
* * * LOW HITPOINT WARNING * * *
Your magical contamination has completely faded away.
The gnoll attacks as you move away! The gnoll hits you with a +0 flail.
You die...

...###
#######.#######
.....##
#.....#.#.....##
......#
#..............#
......#
#..............##
......#
#...............#
......#
#...............#
......#
#.................
......#
#..............###
......#
#......@...#####
.))...#
#...###g####
..)..## #### #)##
.....# #.)# ....##
#.## .#### .. ##
#.# .### .#
...#### ..


You could see a gnoll.

Vanquished Creatures
  2 orc wizards (D:4)
  2 gnolls (D:4)
  4 adders (D:3)
  A worm (D:4)
  2 dart slugs (D:3)
  8 orcs
  7 bats
  7 endoplasms
  3 giant cockroaches
  10 goblins
  10 hobgoblins
  5 jackals
  7 kobolds
  2 quokkas
  10 ball pythons
  A frilled lizard (D:4)
  6 rats
87 creatures vanquished.

Notes
Turn   | Place    | Note
-------+----------+-------------------------------------------
     0 | D:1      | greasedhog the Gargoyle Venom Mage began the quest for the
                  | Orb.
     0 | D:1      | Reached XP level 1. HP: 10/10 MP: 3/3
     9 | D:1      | You fall into a shaft and drop 1 floor!
    63 | D:1      | Found Secuteq's Jewellery Shoppe.
   280 | D:1      | Reached skill level 1 in Transmutations
   342 | D:1      | Reached XP level 2. HP: 15/15 MP: 1/5
   468 | D:1      | Found Nusut's Weapon Boutique.
   522 | D:1      | Found Zamyuv's Distillery.
   535 | D:1      | Found Qyid's Armour Emporium.
   964 | D:1      | Learned a level 2 spell: Poisonous Vapours
  1087 | D:2      | Reached XP level 3. HP: 16/19 MP: 0/6
  1889 | D:3      | Found a faded altar of an unknown god.
  1989 | D:3      | Reached XP level 4. HP: 24/24 MP: 4/8
  2032 | D:3      | Found Feanuq's Weapon Emporium.
  2077 | D:3      | Reached skill level 4 in Poison Magic
  2712 | D:3      | Reached XP level 5. HP: 28/28 MP: 7/10
  2749 | D:3      | Learned a level 3 spell: Mephitic Cloud
  2771 | D:4      | Found a sacrificial altar of Ru.
  3202 | D:4      | Found an ornate altar of the Wu Jian Council.
  3240 | D:4      | Reached skill level 1 in Conjurations
  3248 | D:4      | HP: 1/28 [gnoll/+0 flail (9)]
  3250 | D:4      | Slain by a gnoll

Illustrated notes

Levels and vault maps discovered:
D:1:      dpeg_arrival_snail, layout_basic, serial_shops, shop, shop,
          nicolae_diamond_shop, shop
D:2:      layout_rooms
D:3:      kennysheep_the_goblin_king, layout_rooms, serial_shops, shop,
          ebering_ecumenical_altar_abandoned
D:4:      minmay_evil_eye, layout_cave_pods,
          nicolae_ru_great_annihilating_truth, nicolae_overflow_hidden_temple,
          nzn_wu_jian_contemplation, serial_shops, nicolae_shop_behind_doors

Skill      XL: |  1  2  3  4  5 |
---------------+----------------+-----
Transmutations | 1 |  1.0
Spellcasting   | 3 |  3.9
Poison Magic   | 4 |  4.8
Conjurations   | 1 |  1.0
Dodging        | |  1.5
Stealth        | |  2.1

Action                   |  1- 3 |  4- 6 || total
-------------------------+-------+-------++-------
Melee: Unarmed           |    17 |       ||    17
       Dagger            |    37 |    88 ||   125
       Punch             |     1 |       ||     1
 Cast: Sting             |    78 |    45 ||   123
       Poisonous Vapours |       |     1 ||     1
  Use: Scroll            |     5 |     2 ||     7
 Stab: Sleeping          |       |     1 ||     1
Armor: Robe              |    40 |    36 ||    76
Dodge: Dodged            |    59 |    29 ||    88
Block: Buckler           |     3 |     9 ||    12

Table legend: (Time is in decaauts)
 A = Elapsed time spent in this place.
 B = Non-inter-level travel time spent in this place.
 C = Inter-level travel time spent in this place.
 D = Time resting spent in this place.
 E = Time spent auto-exploring this place.
 F = Levels seen in this place.
 G = Mean time per level.
                   A        B        C        D        E       F      G
               +--------+--------+--------+--------+--------+-----+--------+
         Total |   3251 |   3148 |    103 |    271 |   2238 |   4 |  812.8 |
       Dungeon |   3251 |   3148 |    103 |    271 |   2238 |   4 |  812.8 |
               +--------+--------+--------+--------+--------+-----+--------+

Top non-repeatable levels by time:
     D:3: 1004 daAuts
     D:1: 967 daAuts
     D:2: 784 daAuts
     D:4: 496 daAuts
